 Dungeon Crawl Stone Soup version 0.27-a0-13-g87abb2d9eb (webtiles) character file.

Game seed: 2330747021525662744

7 SkiChan the Sneak (level 1, 0/9 HPs)
             Began as a Spriggan Enchanter on Jan 2, 2021.
             Slain by a bat (1 damage)
             ... on level 1 of the Dungeon.
             The game lasted 00:01:25 (780 turns).

SkiChan the Sneak (Spriggan Enchanter)               Turns: 780, Time: 00:01:25

Health: 0/9        AC:  2    Str:  4    XL:     1   Next: 83%
Magic:  5/5        EV: 18    Int: 16    God:
Gold:   22         SH:  0    Dex: 16    Spells: 4/5 levels left

rFire    . . .     SeeInvis +   a - +1 dagger
rCold    . . .     Faith    .   (shield restricted)
rNeg     + . .     Spirit   .   b - +0 robe
rPois    .         Reflect  .   (helmet restricted)
rElec    .         Harm     .   (no cloak)
rCorr    .         Rampage  .   (gloves unavailable)
Will     .....                  (boots unavailable)
Stlth    +++.......             (no amulet)
HPRegen  0.03/turn              c - ring of positive energy
MPRegen  0.09/turn              (no ring)

@: very quick
A: very small, unfitting armour, see invisible, speed 3
a: no special abilities


You were on level 1 of the Dungeon.
You visited 1 branch of the dungeon, and saw 1 of its levels.

You collected 22 gold pieces.

Inventory:

Hand Weapons
 a - a +1 dagger (weapon)
Armour
 b - a +0 robe (worn)
Jewellery
 c - a ring of positive energy (left hand)
Scrolls
 d - a scroll of identify {unknown}
 e - a scroll of noise {unknown}
 f - a scroll of fog {unknown}


   Skills:
 * Level 1.5 Short Blades
 + Level 3.1 Dodging
 * Level 4.6 Stealth
 + Level 2.7 Spellcasting
 + Level 3.7 Hexes


You had 4 spell levels left.
You knew the following spells:

 Your Spells              Type           Power        Failure   Level
a - Corona                Hex            15%          4%          1

Your spell library contained the following spells:

 Spells                   Type           Power        Failure   Level
 Confusing Touch          Hex            14%          13%         3
 Tukima's Dance           Hex            14%          13%         3
 Ensorcelled Hibernation  Hex/Ice        16%          14%         2
 Dazzling Flash           Conj/Hex       16%          26%         3


Dungeon Overview and Level Annotations

Branches:
Dungeon (1/15)

Altars:


Innate Abilities, Weirdness & Mutations

You are very small and have problems with some larger weapons.
You are too small for most types of armour.
You have supernaturally acute eyesight. (SInv)
You cover ground extremely quickly.


Message History

The bat hits you.
The leopard gecko hisses angrily.
You hit the bat.
The bat is severely wounded.
The bat closely misses you. The leopard gecko closely misses you.
The leopard gecko bites you.
You miss the leopard gecko. The leopard gecko misses you. The bat misses you.
You closely miss the bat.
The bat is severely wounded.
The bat hits you. The bat barely misses you. The leopard gecko bites you.
* * * LOW HITPOINT WARNING * * *
You are too injured to fight recklessly!
The bat misses you. The bat closely misses you.
There is a stone staircase leading down here.
The bat completely misses you.
You see here a rat skeleton.
The bat closely misses you.
You barely miss the bat. The bat hits you.
You die...

##.##..#..##...#.....
##...#..##>###.##.....
.......(##.# .# .####
.#......##l###.# .#
.##............# .#
###...##.##### .# #
##....# ##...##.# .#
#.#.....#
#....##l######.#
.#.#.#.#
#...........b@#
......#
#.......##.######.###
.#.#.# ..####.###.#
....# .....#
.#####.###.#
####.###.#..#
..........# ###.#.##.#
..####.### #........#
#.# #......)## #.#
###.......###### #.#
#...............


You could see a leopard gecko and a bat.

Vanquished Creatures
  2 goblins (D:1)
  A bat (D:1)
  A frilled lizard (D:1)
  4 kobolds (D:1)
  A rat (D:1)
9 creatures vanquished.

Notes
Turn   | Place    | Note
-------+----------+-------------------------------------------
     0 | D:1      | SkiChan the Spriggan Enchanter began the quest for the Orb.
     0 | D:1      | Reached XP level 1. HP: 9/9 MP: 5/5
   780 | D:1      | Slain by a bat

Illustrated notes

Levels and vault maps discovered:
D:1:      scummos_arrival_simple_crosswalls, layout_loops_ring, serial_glass,
          glass_columns_a, glass_columns_a, glass_columns_c, glass_columns_a

Action                   || total
-------------------------++-------
Melee: Dagger            ||    34
 Cast: Corona            ||     5
 Stab: Sleeping          ||     2
Armor: Robe              ||     1
Dodge: Dodged            ||    28

Table legend: (Time is in decaauts)
 A = Elapsed time spent in this place.
 B = Non-inter-level travel time spent in this place.
 C = Inter-level travel time spent in this place.
 D = Time resting spent in this place.
 E = Time spent auto-exploring this place.
 F = Levels seen in this place.
 G = Mean time per level.
                   A        B        C        D        E       F      G
               +--------+--------+--------+--------+--------+-----+--------+
         Total |    722 |    722 |      0 |    338 |    307 |   1 |  722.0 |
       Dungeon |    722 |    722 |      0 |    338 |    307 |   1 |  722.0 |
               +--------+--------+--------+--------+--------+-----+--------+

Top non-repeatable levels by time:
     D:1: 722 daAuts
